[ AOE2 MATCH · #469719464 ]
UnrankedArmenians vs None
Rival team · WIN
[ REPLAY ANALYSIS · EXTRACTED FROM THE RECORDED GAME ]
Feudal
11:56
Castle
26:14
Imperial
—
| APM avg | 21.6 |
| APM peak | 48 |
| eAPM avg | 10.6 |
| Villagers / military | 43 / 22 |
Focus
⚔️ 20.0% · 🌾 80.0%
Militia ×18 · Fishing Ship ×4 · Skirmisher ×4
Feudal
13:35
Castle
22:41
Imperial
—
| APM avg | 33.1 |
| APM peak | 80 |
| eAPM avg | 12.3 |
| Villagers / military | 51 / 23 |
Focus
⚔️ 31.9% · 🌾 68.1%
Knight ×19 · Fishing Ship ×14 · Archer ×2 · Scout Cavalry ×2 · Unknown (2626) ×1
Match map
Initial resources + every placement click. Lines = walls · curves = elevation contours. ◆ gold · ⬟ stone · ● berries · ✦ relic · ◌ wall gap
Your base· Open — 5t gap
The Final Phoenix's base· Open — unwalled flank
Smoothed initial terrain · ◌ = detected wall gap · hover for details
Inputs per minute
— Snowey - - The Final Phoenix
Build order — Snowey
124 actions detected in the replay
| 0:11 | Build | Dock |
| 0:28 | Build | Town Center |
| 2:23 | Create | Villager (Male) |
| 2:23 | Create | Villager (Male) |
| 2:35 | Build | House |
| 2:36 | Build | House |
| 2:39 | Create | Villager (Male) |
| 2:54 | Research | Loom |
| 2:54 | Create | Villager (Male) |
| 2:55 | Create | Villager (Male) |
| 3:11 | Create | Villager (Male) |
| 3:31 | Create | Villager (Male) |
| 4:04 | Create | Villager (Male) |
| 4:19 | Create | Villager (Male) |
| 4:46 | Create | Villager (Male) |
| 4:46 | Create | Villager (Male) |
| 5:03 | Create | Villager (Male) |
| 5:40 | Create | Villager (Male) |
| 6:04 | Create | Villager (Male) |
| 6:12 | Create | Villager (Male) |
| 6:16 | Build | House |
| 6:18 | Build | House |
| 6:20 | Build | House |
| 6:25 | Create | Villager (Male) |
| 6:50 | Create | Villager (Male) |
| 6:53 | Build | House |
| 7:43 | Create | Fishing Ship |
| 8:16 | Create | Villager (Male) |
| 8:26 | Create | Fishing Ship |
| 9:08 | Build | Mule Cart |
| 9:15 | Create | Villager (Male) |
| 9:40 | Build | House |
| 9:41 | Build | House |
| 9:46 | Research | Feudal Age |
| 10:00 | Create | Fishing Ship |
| 10:27 | Create | Villager (Male) |
| 10:42 | Create | Villager (Male) |
| 10:48 | Build | Barracks |
| 11:24 | Build | House |
| 11:56 | Create | Militia |
| 11:56 | Age | Feudal Age |
| 11:56 | Create | Militia |
| 11:57 | Create | Militia |
| 12:00 | Research | Man-at-Arms (upgrade) |
| 12:08 | Build | Blacksmith |
| 12:17 | Create | Fishing Ship |
| 13:01 | Build | Palisade Wall |
| 13:07 | Create | Villager (Male) |
| 13:10 | Create | Militia |
| 13:17 | Research | Scale Mail Armor |
| 13:32 | Create | Villager (Male) |
| 13:55 | Create | Villager (Male) |
| 14:04 | Build | Archery Range |
| 14:10 | Research | Long Swordsman (upgrade) |
| 14:26 | Research | Arson |
| 14:38 | Create | Villager (Male) |
| 14:44 | Create | Villager (Male) |
| 14:54 | Build | Mill |
| 14:57 | Create | Villager (Male) |
| 15:19 | Build | Outpost |
| 15:24 | Create | Villager (Male) |
| 15:38 | Create | Militia |
| 15:38 | Create | Militia |
| 15:55 | Create | Skirmisher |
| 15:55 | Create | Skirmisher |
| 16:11 | Build | Watch Tower |
| 16:18 | Create | Villager (Male) |
| 16:18 | Create | Villager (Male) |
| 16:25 | Build | House |
| 16:28 | Build | House |
| 16:30 | Create | Villager (Male) |
| 16:33 | Research | Double-Bit Axe |
| 16:51 | Build | Farm |
| 16:52 | Build | Farm |
| 16:52 | Build | Farm |
| 16:57 | Create | Militia |
| 16:57 | Create | Militia |
| 17:33 | Create | Villager (Male) |
| 17:34 | Create | Villager (Male) |
| 17:37 | Create | Militia |
| 17:37 | Create | Militia |
| 18:17 | Build | Farm |
| 18:18 | Build | Farm |
| 18:19 | Build | Farm |
| 18:19 | Build | Farm |
| 18:20 | Build | Farm |
| 18:48 | Build | Outpost |
| 18:50 | Build | Outpost |
| 18:56 | Create | Villager (Male) |
| 19:45 | Create | Villager (Male) |
| 19:45 | Create | Villager (Male) |
| 19:46 | Create | Villager (Male) |
| 19:57 | Build | Mill |
| 19:59 | Build | Farm |
| 20:00 | Build | Farm |
| 20:00 | Build | Farm |
| 20:01 | Build | Farm |
| 20:05 | Research | Horse Collar |
| 20:36 | Create | Villager (Male) |
| 20:44 | Build | Market |
| 20:53 | Create | Skirmisher |
| 20:53 | Create | Skirmisher |
| 21:25 | Create | Militia |
| 21:25 | Create | Militia |
| 21:26 | Create | Militia |
| 21:26 | Create | Militia |
| 21:41 | Create | Villager (Male) |
| 21:41 | Create | Villager (Male) |
| 21:48 | Build | House |
| 21:49 | Build | House |
| 21:50 | Build | House |
| 21:51 | Build | House |
| 21:53 | Build | House |
| 22:11 | Create | Villager (Male) |
| 23:09 | Create | Villager (Male) |
| 23:32 | Research | Castle Age |
| 23:42 | Build | Mule Cart |
| 24:17 | Create | Villager (Male) |
| 25:03 | Build | Watch Tower |
| 25:15 | Create | Militia |
| 25:15 | Create | Militia |
| 25:15 | Create | Militia |
| 25:16 | Create | Militia |
| 26:14 | Age | Castle Age |
Build order — The Final Phoenix
115 actions detected in the replay
| 0:04 | Build | Dock |
| 0:20 | Build | Town Center |
| 2:16 | Create | Villager (Male) ×5 |
| 2:31 | Build | House |
| 2:37 | Research | Loom |
| 2:54 | Create | Villager (Male) |
| 2:54 | Create | Villager (Male) |
| 3:01 | Build | House |
| 3:33 | Create | Villager (Male) |
| 4:01 | Create | Villager (Male) |
| 4:11 | Create | Fishing Ship |
| 4:47 | Create | Villager (Male) |
| 4:48 | Create | Villager (Male) |
| 5:01 | Create | Fishing Ship |
| 5:41 | Create | Villager (Male) |
| 5:44 | Create | Fishing Ship |
| 6:00 | Build | House |
| 6:17 | Create | Villager (Male) |
| 6:17 | Create | Villager (Male) |
| 6:32 | Build | House |
| 6:53 | Create | Villager (Male) |
| 7:00 | Build | House |
| 7:19 | Create | Villager (Male) |
| 7:38 | Create | Fishing Ship |
| 7:53 | Create | Villager (Male) |
| 8:10 | Create | Villager (Male) |
| 8:33 | Create | Villager (Male) |
| 8:35 | Create | Fishing Ship |
| 8:42 | Build | House |
| 8:44 | Build | House |
| 8:57 | Create | Villager (Male) |
| 9:03 | Create | Fishing Ship |
| 9:21 | Create | Villager (Male) |
| 9:39 | Create | Fishing Ship |
| 9:50 | Create | Villager (Male) |
| 10:00 | Create | Villager (Male) |
| 10:08 | Create | Villager (Male) |
| 10:19 | Build | Mining Camp |
| 10:26 | Build | Mill |
| 10:32 | Create | Villager (Male) |
| 10:55 | Create | Villager (Male) |
| 11:02 | Create | Fishing Ship |
| 11:11 | Research | Feudal Age |
| 11:11 | Research | Feudal Age |
| 11:33 | Build | Dock |
| 11:50 | Create | Fishing Ship |
| 12:08 | Create | Villager (Male) |
| 12:08 | Create | Villager (Male) |
| 12:29 | Build | House |
| 12:30 | Build | House |
| 12:32 | Build | House |
| 12:33 | Build | House |
| 13:24 | Build | Palisade Wall |
| 13:33 | Build | Palisade Wall |
| 13:35 | Age | Feudal Age |
| 13:50 | Create | Villager (Male) |
| 14:00 | Create | Unit 2626 |
| 14:28 | Create | Villager (Male) |
| 14:30 | Create | Fishing Ship |
| 14:30 | Create | Fishing Ship |
| 14:31 | Create | Fishing Ship |
| 14:38 | Build | Barracks |
| 14:48 | Create | Villager (Male) |
| 15:35 | Build | Archery Range |
| 15:37 | Create | Villager (Male) |
| 15:50 | Create | Fishing Ship |
| 16:20 | Build | House |
| 16:23 | Create | Archer |
| 16:23 | Create | Archer |
| 16:25 | Create | Villager (Male) |
| 16:25 | Create | Villager (Male) |
| 16:31 | Build | House |
| 16:39 | Create | Villager (Male) |
| 17:00 | Create | Villager (Male) |
| 17:37 | Build | Market |
| 17:41 | Create | Villager (Male) |
| 17:43 | Research | Town Watch |
| 17:47 | Create | Fishing Ship |
| 18:27 | Create | Villager (Male) |
| 18:49 | Create | Villager (Male) |
| 18:55 | Build | House |
| 18:57 | Build | House |
| 18:58 | Build | House |
| 19:35 | Build | Blacksmith |
| 20:01 | Research | Castle Age |
| 20:12 | Build | Stable |
| 20:20 | Research | Scale Barding Armor |
| 20:20 | Research | Forging |
| 20:41 | Create | Villager (Male) ×5 |
| 21:32 | Build | Stable |
| 21:56 | Create | Scout Cavalry |
| 21:57 | Create | Scout Cavalry |
| 21:59 | Research | Bloodlines |
| 22:13 | Build | Stable |
| 22:41 | Age | Castle Age |
| 22:52 | Create | Knight ×5 |
| 22:53 | Create | Knight ×5 |
| 22:58 | Research | Husbandry |
| 23:01 | Build | House |
| 23:02 | Build | House |
| 23:03 | Build | House |
| 23:20 | Create | Knight |
| 23:20 | Create | Knight |
| 23:21 | Create | Knight |
| 23:29 | Build | House |
| 24:30 | Research | Chain Barding Armor |
| 24:31 | Research | Iron Casting |
| 24:50 | Build | Stable |
| 24:55 | Build | Stable |
| 25:36 | Create | Knight ×5 |
| 25:41 | Create | Knight |
| 25:57 | Create | Villager (Male) ×5 |
| 26:32 | Create | Villager (Male) |
| 26:32 | Create | Villager (Male) |
| 26:35 | Research | Wheelbarrow |
Match timeline
| 0:04 | The Final Phoenix · first_building Dock |
| 0:11 | Snowey · first_building Dock |
| 10:48 | Snowey · first_building Barracks |
| 11:56 | Snowey · age_up feudal |
| 13:01 | Snowey · wall_segment Palisade Wall x7 |
| 13:24 | The Final Phoenix · wall_segment Palisade Wall x1 |
| 13:33 | The Final Phoenix · wall_segment Palisade Wall x1 |
| 13:35 | The Final Phoenix · age_up feudal |
| 14:04 | Snowey · first_building Archery Range |
| 14:38 | The Final Phoenix · first_building Barracks |
| 15:35 | The Final Phoenix · first_building Archery Range |
| 20:08 | The Final Phoenix · first_market_buy 100 food |
| 20:12 | The Final Phoenix · first_building Stable |
| 22:41 | The Final Phoenix · age_up castle |
| 23:13 | Snowey · first_market_sell 100 wood |
| 23:15 | Snowey · first_market_buy 100 food |
| 26:14 | Snowey · age_up castle |
| 26:56 | Snowey · resign |
[ AI ANALYSIS · 1 CREDIT ]
What really happened in this match?
Wolo.gg analyzes every decision: build order, eco, micro, common mistakes by bracket. Personalized analysis on WhatsApp or Discord in 30 seconds.
Civ guide
Armenians
Perfil
Jugador #291239